AoeStats
← FadedButtons

Black Forest

506135037Analyzed
2v2 RM · 19d ago on Sep 12, 2026· 62m 16s· 4 players
Game mode
Random Map
Map size
Medium (4 player)
Population
200
Speed
Normal
Resources
Standard
Victory
Conquest
Starting age
Dark Age
Ending age
Imperial Age
RankedLock teamsTeams togetherTeam positionsShared explorationLock speedFull tech treeHidden civsTurbo modeCheats
Victory
Defeat
🇨🇦 Franks · Canada
471
+9
🇺🇸 Vietnamese · United States
461
+9
🇻🇪 Berbers · Venezuela
355
-10
🇩🇪 Jurchens · Germany
265
-8
joe baron
0:59 Loom
17:22 Feudal Age
18:16 Gold Mining
18:16 Stone Mining
19:51 Double-Bit Axe
22:16 Wheelbarrow
21:28 Town Watch
26:42 Arson
26:19 Man-at-Arms
26:59 Horse Collar
34:30 Castle Age
34:41 Forging
34:32 Scale Mail Armor
34:34 Padded Archer Armor
34:25 Fletching
38:15 Iron Casting
37:56 Chain Mail Armor
38:17 Bow Saw
38:45 Heavy Plow
40:28 Gold Shaft Mining
42:52 Crossbowman
44:31 Husbandry
45:54 Bodkin Arrow
47:48 Hand Cart
56:18 Imperial Age
59:23 Heavy Cavalry Archer
CarlosJesus2904
12:36 Feudal Age
13:32 Double-Bit Axe
15:07 Horse Collar
19:24 Wheelbarrow
19:45 Town Watch
21:12 Fishing Lines
22:14 Bloodlines
22:22 Forging
22:18 Scale Barding Armor
22:30 Gold Mining
27:47 Castle Age
27:20 Fletching
27:35 Stone Mining
29:11 Husbandry
28:32 Light Cavalry
29:35 Heavy Plow
29:48 Bow Saw
31:18 Hand Cart
32:05 Gold Shaft Mining
32:08 Stone Shaft Mining
33:08 Town Patrol
33:45 Loom
34:42 Iron Casting
34:28 Chain Barding Armor
33:54 Treadmill Crane
34:25 Fortified Wall
34:43 Gillnets
35:55 Murder Holes
37:53 Fervor
37:49 Bodkin Arrow
39:34 Squires
39:20 Arson
40:06 Kasbah
42:35 Ballistics
45:37 Imperial Age
43:23 Guard Tower
44:26 Masonry
46:49 Conscription
46:00 Cavalier
46:02 Heavy Camel Rider
48:25 Blast Furnace
48:01 Plate Barding Armor
47:27 Bracer
49:17 Chemistry
48:59 Arrowslits
49:52 Crop Rotation
FadedButtons
1:36 Loom
15:28 Feudal Age
17:28 Horse Collar
17:36 Double-Bit Axe
17:46 Gold Mining
22:13 Castle Age
24:48 Heavy Plow
27:24 Bow Saw
28:44 Caravan
30:39 Fletching
30:52 Padded Archer Armor
31:40 Wheelbarrow
36:12 Imperial Age
35:06 Hand Cart
35:54 Thumb Ring
36:25 Stone Mining
36:52 Bodkin Arrow
39:47 Bracer
40:03 Leather Archer Armor
40:23 Paper Money
41:49 Ring Archer Armor
41:30 Forging
41:21 Scale Mail Armor
42:10 Siege Engineers
43:31 Chemistry
44:54 Ballistics
44:51 Fortified Wall
44:14 Elite Rattan Archer
44:52 Town Watch
46:35 Elite Fire Lancer
47:19 Squires
47:05 Arson
47:29 Scale Barding Armor
48:02 Iron Casting
47:59 Guilds
48:32 Town Patrol
49:42 Two-Man Saw
57:32 Chain Mail Armor
xMaverick_xx
1:35 Loom
13:11 Feudal Age
15:04 Wheelbarrow
14:23 Double-Bit Axe
15:05 Gold Mining
15:52 Stone Mining
21:07 Fishing Lines
29:23 Castle Age
28:35 Fletching
28:53 Scale Barding Armor
29:00 Forging
33:51 Gold Shaft Mining
33:32 Bow Saw
33:47 Hand Cart
33:59 Husbandry
36:32 Chain Barding Armor
36:48 Iron Casting
36:10 Bodkin Arrow
37:03 Gillnets
37:29 Caravan
41:29 Imperial Age
43:14 Chivalry
43:51 Hoardings
43:40 Conscription
42:46 Cavalier
43:28 Murder Holes
45:01 Paladin
46:24 Masonry
46:26 Fortified Wall
46:17 Guard Tower
47:58 Blast Furnace
47:59 Plate Barding Armor
48:00 Architecture
48:20 Arrowslits
49:00 Ballistics
49:42 Chemistry
50:11 Padded Archer Armor
Connection lost

Rejoining the realm…

Still unreachable

The connection could not be restored.

Session expired

The server has moved on; the page needs a fresh start.